 Dungeon Crawl Stone Soup version 0.27.1-2-g3b301248ec (webtiles) character file.

Game seed: 16669954137809354545

6639 pkoi the Grappler (level 10, 0/102 HPs)
             Began as a Troll Monk on Sept 27, 2021.
             Was a High Priest of Dithmenos.
             Succumbed to a gnoll sergeant's poison
             ... on level 9 of the Dungeon.
             The game lasted 00:10:42 (7967 turns).

pkoi the Grappler (Troll Monk)                      Turns: 7967, Time: 00:10:42

Health: 0/102      AC:  7    Str: 24    XL:     10   Next: 72%
Magic:  9/9        EV: 14    Int:  6    God:    Dithmenos [*****.]
Gold:   381        SH:  0    Dex: 18    Spells: 9/9 levels left

rFire    . . .     SeeInvis +     - Unarmed
rCold    . . .     Faith    .   (no shield)
rNeg     . . .     Spirit   .   a - +0 robe
rPois    .         Reflect  .   s - +0 mask of the Dragon {Will+ Slay+3 SInv}
rElec    .         Harm     .   t - +2 cloak
rCorr    +         Rampage  .   (gloves unavailable)
Will     +....                  (boots unavailable)
Stlth    ++++......             (no amulet)
HPRegen  1.27/turn              n - +6 ring of dexterity
MPRegen  0.11/turn              A - ring of resist corrosion

@: lethally poisoned (0 -> -13), wreathed by umbra, studying Dodging
A: large, unfitting armour, claws 3, regeneration 1, shaggy fur 1, tough skin 1
a: Renounce Religion, Shadow Step, Shadow Form


You were on level 9 of the Dungeon.
You worshipped Dithmenos.
Dithmenos was extremely pleased with you.
You visited 2 branches of the dungeon, and saw 10 of its levels.
You also visited: Bailey.

You collected 381 gold pieces.

Inventory:

Missiles
 j - 57 poisoned darts (quivered)
 o - 89 boomerangs
 r - 2 javelins
 z - a throwing net
Armour
 a - a +0 robe (worn)
 s - the +0 mask of the Dragon (worn) {Will+ Slay+3 SInv}
   (You acquired it on level 5 of the Dungeon)

   Slay:      It affects your accuracy & damage with ranged weapons and melee
   (+3).
   SInv:      It lets you see invisible.
   Will:      It increases your willpower.
 t - a +2 cloak (worn)
Jewellery
 n - a +6 ring of dexterity (left claw)
 A - a ring of resist corrosion (right claw)
Wands
 c - a wand of flame (9)
 k - a wand of acid (7)
 q - a wand of polymorph (14)
 C - a wand of iceblast (10)
Scrolls
 h - 3 scrolls of teleportation
 l - a scroll of magic mapping
 u - a scroll of amnesia
 y - 2 scrolls of enchant armour
 B - 3 scrolls of identify
 D - a scroll of acquirement
Potions
 b - 6 potions of heal wounds
 d - 3 potions of haste
 e - a potion of invisibility
 f - 5 potions of curing
 g - 2 potions of cancellation
 i - a potion of brilliance
 m - 3 potions of magic
 p - 3 potions of mutation {unknown}
 v - a potion of ambrosia
 w - a potion of flight {unknown}
 x - a potion of might


   Skills:
 + Level 7.0 Fighting
 + Level 7.3 Dodging
 - Level 2.7 Stealth
 * Level 13.2 Unarmed Combat


You had 9 spell levels left.
You didn't know any spells.
Your spell library contained the following spells:

 Spells                   Type           Power      Damage    Failure   Level
 Animate Skeleton         Necr           0%         N/A       45%         1
 Apportation              Tloc           0%         N/A       45%         1
 Pain                     Necr           0%         1d4       45%         1
 Sting                    Tmut/Pois      0%         1d3       45%         1
 Corpse Rot               Necr/Air       N/A        N/A       58%         2
 Ensorcelled Hibernation  Hex/Ice        0%         N/A       58%         2
 Poisonous Vapours        Pois/Air       0%         N/A       58%         2
 Ignite Poison            Fire/Tmut/Pois 0%         N/A       83%         3
 Mephitic Cloud           Conj/Pois/Air  0%         N/A       83%         3
 Spider Form              Tmut/Pois      0%         N/A       83%         3
 Stone Arrow              Conj/Erth      0%         3d7       83%         3
 Vampiric Draining        Necr           0%         2d6       83%         3
 Animate Armour           Summ/Erth      0%         N/A       99%         4
 Dispel Undead            Necr           0%         3d6       99%         4
 Olgreb's Toxic Radiance  Pois           0%         N/A       99%         4
 Alistair's Intoxication  Tmut/Pois      0%         N/A       100%        5
 Bolt of Magma            Conj/Fire/Erth 0%         4d4       100%        5
 Death Channel            Necr           0%         N/A       100%        6
 Invisibility             Hex            0%         N/A       100%        6
 Shadow Creatures         Summ           N/A        N/A       100%        6
 Lehudib's Crystal Spear  Conj/Erth      0%         10d2      100%        8


Dungeon Overview and Level Annotations

Branches:
Dungeon (9/15)             Temple (1/1) D:5          Bailey (visited)
   Lair: D:8-11         Orc: D:9-12

Altars:
Ashenzari
Cheibriados
Dithmenos
Elyvilon
Fedhas
Gozag
Hepliaklqana
Kikubaaqudgha
Makhleb
Nemelex Xobeh
Okawaru
Qazlal
Ru
Sif Muna
Trog
Uskayaw
Vehumet
Wu Jian
Xom
Yredelemnul
Zin
The Shining One

Annotations:
D:3 2 runed translucent doors
D:7 2 transporters, Gorgormcgor's ghost, novice HONe


Innate Abilities, Weirdness & Mutations

You are too large for most types of armour.
You have claws for hands.
Your natural rate of healing is unusually fast.
You are covered in fur. (AC +1)
You have tough skin. (AC +1)


Message History

You kill the gnoll!
Dithmenos accepts your kill.
You feel very sick. The gnoll hits you but does no damage.
You feel very sick.
The gnoll sergeant hits you but does no damage.
You are more poisoned.
The gnoll barely misses you.
Things that are here:
a +2 halberd of venom; a +0 halberd; a gnoll corpse You scratch the gnoll.
The gnoll is lightly wounded.
Your shadow hits the gnoll.
You feel very sick. The gnoll sergeant barely misses you.
You mangle the gnoll!!
You kill the gnoll!
Dithmenos accepts your kill.
You feel very sick.
The gnoll sergeant hits you from afar with a +8 trident of venom.
* * * LOW HITPOINT WARNING * * *
You are lethally poisoned!
* * * LOW HITPOINT WARNING * * *
You feel extremely sick.
The gnoll sergeant completely misses you.
Things that are here:
a +0 spear; a +0 club; a gnoll corpse You barely miss the gnoll sergeant.
The gnoll sergeant is heavily wounded.
* * * LOW HITPOINT WARNING * * *
You feel very sick.
The gnoll sergeant hits you with a +8 trident of venom.
* * * LOW HITPOINT WARNING * * *
You are more poisoned.
You mangle the gnoll sergeant!!
You kill the gnoll sergeant!
Dithmenos accepts your kill.
* * * LOW HITPOINT WARNING * * *
You feel very sick.
You die...

######...........# #...
#...........# #...
..######...........## ####...
..................... .......
..######...##.######. .....# ..
#...##.# #. ####.# #.# ######)#
#. # .. #####)#### #.##### # .
#. #....@...# #..<#.. #
...###.###........# #.#.#.#.#
........##........# #.#.#†#.#.#
.....g............###.#.#)#.#.#
...........###.###......))..#.#
..........................(.#.#
...........###(###..........#.#
...........# #.# ######.....#.#
...........# .# #.......#


There were no monsters in sight!

Vanquished Creatures
  A wyvern (D:9)
  A shadow (D:8)
  3 yaks (D:9)
  A wraith (D:8)
  A steam dragon (D:7)
  Edmund (D:4)
  Duvessa (D:4)
  2 ice beasts
  2 orc warriors
  2 sky beasts
  2 ogres (D:4)
  2 black bears
  A necrophage (D:3)
  A phantom (D:4)
  5 centaurs
  3 kobold brigands
  2 gnoll sergeants
  A wyvern zombie (D:8)
  2 bullfrogs
  2 scorpions
  A wyvern skeleton (D:6)
  Dowan (D:4)
  9 killer bees
  16 wights
  A howler monkey (D:4)
  3 hounds
  A jelly (D:5)
  Crazy Yiuf (D:2)
  A centaur skeleton (D:6)
  2 orc priests
  A bullfrog skeleton (D:7)
  5 iguanas
  8 orc wizards
  A scorpion zombie (D:5)
  A killer bee zombie (D:6)
  22 gnolls
  7 adders
  A shadow imp (D:6)
  An ufetubus (D:5)
  An adder skeleton (D:4)
  31 orcs
  8 ball pythons
  6 bats
  5 endoplasms
  5 giant cockroaches
  10 goblins
  18 hobgoblins
  4 jackals (D:5)
  2 quokkas
  2 frilled lizards
  36 kobolds
  7 rats
254 creatures vanquished.

Vanquished Creatures (others)
  2 kobolds (D:8)
2 creatures vanquished.

Grand Total: 256 creatures vanquished

Notes
Turn   | Place    | Note
-------+----------+-------------------------------------------
     0 | D:1      | pkoi the Troll Monk began the quest for the Orb.
     0 | D:1      | Reached XP level 1. HP: 22/22 MP: 0/0
     1 | D:1      | You fall into a shaft and drop 1 floor!
   106 | D:2      | Reached XP level 2. HP: 29/29 MP: 1/1
   181 | D:1      | Reached skill level 4 in Unarmed Combat
   590 | D:1      | Reached XP level 3. HP: 35/36 MP: 2/2
  1091 | D:2      | Found a runed translucent door.
  1092 | D:2      | Noticed Crazy Yiuf
  1278 | D:2      | Found a faded altar of an unknown god.
  1279 | D:2      | Noticed a shining eye
  1283 | D:2      | Noticed an eye of devastation
  1283 | D:2      | Noticed a shining eye
  1283 | D:2      | Noticed a shining eye
  1514 | D:2      | Killed Crazy Yiuf
  1515 | D:2      | Reached skill level 5 in Unarmed Combat
  1515 | D:2      | Reached XP level 4. HP: 31/44 MP: 0/3
  1749 | D:3      | Found a large runed translucent door.
  1749 | D:3      | Found a large runed translucent door.
  1776 | D:3      | Found a shimmering altar of Xom.
  1833 | D:3      | Found a hide-covered altar of Uskayaw.
  1838 | D:3      | Found a blossoming altar of Fedhas.
  1840 | D:3      | Found a shimmering altar of Xom.
  1840 | D:3      | Found a shadowy altar of Dithmenos.
  1841 | D:3      | Found an ancient bone altar of Kikubaaqudgha.
  1844 | D:3      | Found a sparkling altar of Nemelex Xobeh.
  1915 | D:3      | Became a worshipper of Dithmenos the Shadowed
  1915 | D:3      | Reached * piety under Dithmenos
  1915 | D:3      | Reached ** piety under Dithmenos
  2242 | D:3      | Noticed a necrophage
  2250 | D:3      | Killed a necrophage
  2251 | D:3      | Reached skill level 6 in Unarmed Combat
  2251 | D:3      | Reached XP level 5. HP: 32/50 MP: 4/4
  2736 | D:4      | Reached XP level 6. HP: 11/59 MP: 5/5
  2902 | D:4      | Reached skill level 7 in Unarmed Combat
  3187 | D:4      | Reached skill level 8 in Unarmed Combat
  3187 | D:4      | Reached XP level 7. HP: 33/66 MP: 6/6
  3410 | D:4      | Noticed Duvessa
  3450 | D:4      | Killed Duvessa
  3762 | D:4      | Noticed Edmund
  3786 | D:4      | Killed Edmund
  3787 | D:4      | Reached XP level 8. HP: 60/75 MP: 7/7
  3981 | D:4      | Noticed Dowan
  4004 | D:4      | Killed Dowan
  4118 | D:5      | Entered Level 5 of the Dungeon
  4127 | D:5      | Reached skill level 12 in Unarmed Combat
  4127 | D:5      | Reached XP level 9. HP: 89/89 MP: 8/8
  4199 | D:5      | Reached *** piety under Dithmenos
  4341 | D:5      | Identified a scroll of acquirement
  4341 | D:5      | Acquired the +0 mask of the Dragon {Will+ Slay+3 SInv}
  4341 | D:5      | Found the +0 mask of the Dragon {Will+ Slay+3 SInv}
  5584 | D:5      | Found a staircase to the Ecumenical Temple.
  5588 | Temple   | Entered the Ecumenical Temple
  5805 | D:7      | Found a transporter.
  5806 | D:7      | Found a transporter.
  5812 | D:7      | Reached **** piety under Dithmenos
  5875 | D:7      | Noticed a troll
  5942 | D:7      | Noticed Gorgormcgor's ghost (novice HONe)
  6066 | D:7      | Found an ornate altar of the Wu Jian Council.
  6603 | D:8      | Found a flagged portal.
  6607 | D:8      | Reached XP level 10. HP: 100/100 MP: 9/9
  6669 | Bailey   | Entered a bailey
  6882 | Bailey   | Reached ***** piety under Dithmenos
  7187 | D:8      | Found an opulent altar of Gozag.
  7345 | D:8      | Acquired a manual of Dodging
  7547 | D:8      | Reached skill level 13 in Unarmed Combat
  7966 | D:9      | HP: 5/102 [poisoned by a gnoll sergeant]
  7967 | D:9      | Succumbed to a gnoll sergeant's poison

Illustrated notes

Levels and vault maps discovered:
D:1:      dpeg_arrival_shelter, layout_basic, minmay_misc_feat_rugged
D:2:      layout_loops_ring, hellmonk_ecumenical_altar_watching_god,
          uniq_crazy_yiuf_cottage
D:3:      due_chaos_kobolds, layout_basic, minitemple
D:4:      layout_basic, uniq_duvessa, uniq_edmund
D:5:      layout_loops_corners, minmay_temple_entry_from_below_a
D:6:      layout_basic
D:7:      layout_layer_cave, pdpol_wu_jian_five_deadly_venoms, nzn_ghost_randoct
D:8:      layout_rooms, mainiacjoe_overflow_six_doors_small, enter_bailey_5
D:9:      layout_basic, kennysheep_orc_monster_closet_entryway,
          minmay_diamond_spiral
Temple:   jpeg_temple_clearing

Skill      XL: |  1  2  3  4  5  6  7  8  9 10 |
---------------+-------------------------------+-----
Unarmed Combat | 4 5 6 8 12 13 | 13.2
Fighting       | 3 6 7 |  7.0
Dodging        | 3 6 7 |  7.3
Stealth        | 2 |  2.7

Action                   |  1- 3 |  4- 6 |  7- 9 | 10-12 || total
-------------------------+-------+-------+-------+-------++-------
Melee: Unarmed           |   110 |    88 |   201 |   201 ||   600
       Punch             |     1 |     3 |     5 |     9 ||    18
  Use: Scroll            |     1 |     3 |    17 |     1 ||    22
       Potion            |       |       |     1 |     1 ||     2
 Stab: Sleeping          |     6 |     1 |     8 |     4 ||    19
Armor: Robe              |    34 |    26 |    45 |    48 ||   153
Dodge: Dodged            |    49 |    31 |   106 |   158 ||   344
